 Dungeon Crawl Stone Soup version 0.30-b1-2-g02819fbbbe (webtiles) character file.

Game seed: 18404241999168043423

5488 BlueM00n the Zephyrmancer (level 10, -2/55 (56) HPs)
             Began as a Tengu Air Elementalist on June 18, 2023.
             Was a Priest of Sif Muna.
             Slain by an unseen horror (9 damage)
             ... on level 8 of the Dungeon.
             The game lasted 00:49:16 (9965 turns).

BlueM00n the Zephyrmancer (Tengu Air Elementalist)  Turns: 9965, Time: 00:49:17

HP:   -2/55 (56)    AC:  7    Str:  8    XL:     10   Next: 69%
MP:   25/33         EV: 15    Int: 26    God:    Sif Muna [***...]
Gold: 552           SH:  0    Dex: 15    Spells: 17/27 levels left

rFire   x x .        o - staff of air
rCold   + + +        (no shield)
rNeg    . . .        H - +2 robe {rC+}
rPois   .            (helmet restricted)
rElec   +            R - +1 cloak
rCorr   .            v - +0 pair of gloves
SInv    .            (boots unavailable)
Will    .....        (no amulet)
Stlth   +++          c - ring of magical power
HPRegen 0.29/turn    m - ring "Zoklono" {Ice Contam Fly Int+6 Slay+3}
MPRegen 0.23/turn

%: no passive effects
@: swift, flying quickly and evasively, lightly drained, very quick
A: beak, talons 3, nimble flight, cold resistance 1, heat vulnerability 1
a: Renounce Religion, Channel Magic, Forget Spell


You were on level 8 of the Dungeon.
You worshipped Sif Muna.
Sif Muna was most pleased with you.
You visited 1 branch of the dungeon, and saw 8 of its levels.

You collected 552 gold pieces.

Inventory:

Hand Weapons
 e - a +0 short sword
 f - a +0 short sword
 h - a +0 quarterstaff
 k - a +1 sling of draining
 l - a +0 spear
 q - a +0 club
 r - a +0 spear
 x - a +4 long sword
 A - a +2 short sword of venom
 D - a +0 shortbow
Missiles
 d - 2 large rocks
 g - 60 stones
 i - 33 poisoned darts
 I - 2 throwing nets
Armour
 a - a +0 robe
 j - a +3 leather armour
 v - a +0 pair of gloves (worn)
 G - the +6 scale mail of the Will of the Gods {rC+ Stlth+}
   (You found it on level 5 of the Dungeon)

   rC:        It protects you from cold.
   Stlth:     It makes you more stealthy.
 H - a +2 robe of cold resistance (worn)
 Q - a +2 leather armour of poison resistance
 R - a +1 cloak (worn)
 V - a +2 buckler
Magical Staves
 o - a staff of air (weapon)
Jewellery
 c - a ring of magical power (left hand)
 m - the ring "Zoklono" (right hand) {Ice Contam Fly Int+6 Slay+3}
   (You acquired it on level 1 of the Dungeon)

   [ring of ice]

   It enhances your ice magic.
   Int:       It affects your intelligence (+6).
   Slay:      It affects your accuracy & damage with ranged weapons and melee
   (+3).
   rF:        It makes you vulnerable to fire.
   rC:        It protects you from cold.
   Fly:       It grants you flight.
   Contam:    It causes magical contamination when unequipped.
 n - an amulet of faith
 y - a +4 ring of protection
 J - a ring of see invisible
 M - a ring of poison resistance
 N - a ring of protection from cold
 T - a ring of protection from cold
 U - a +6 ring of dexterity
Wands
 s - a wand of paralysis (26)
 t - a wand of flame (26)
Scrolls
 p - 6 scrolls of identify
 u - a scroll of vulnerability
 z - 4 scrolls of amnesia
 B - a scroll of fog
 E - a scroll of torment
 K - 4 scrolls of poison
 O - a scroll of magic mapping
 S - a scroll of acquirement
 W - a scroll of fear
Potions
 b - 2 potions of magic
 w - a potion of cancellation
 C - a potion of lignification
 F - a potion of might
 L - a potion of mutation
 P - 2 potions of degeneration


   Skills:
 + Level 3.5 Fighting
 + Level 3.1(4.6) Polearms
 + Level 5.2(5.6) Staves
 + Level 4.1 Armour
 + Level 2.7 Dodging
 + Level 4.3 Stealth
 * Level 9.3 Spellcasting
 + Level 7.4 Conjurations
 * Level 13.4 Air Magic


You had 17 spell levels left.
You knew the following spells:

 Your Spells              Type           Power      Damage    Failure   Level
a - Shock                 Conj/Air       100%       1d9       1%          1
b - Static Discharge      Conj/Air       100%       2-7/arc   1%          2
c - Swiftness             Air            89%        N/A       1%          3
d - Airstrike             Air            44%        2d(7-23)  1%          4

Your spell library contained the following spells:

 Spells                   Type           Power      Damage    Failure   Level


Dungeon Overview and Level Annotations

Branches:
Dungeon (8/15)             Temple (0/1) D:6
   Lair: D:8-11

Altars:
Ashenzari
Gozag
Sif Muna
Trog
Uskayaw
Wu Jian
Yredelemnul


Innate Abilities, Weirdness & Mutations

You have a beak for a mouth.
You have claws for feet.
Your magical nature lets you fly swiftly and evasively.
Your flesh is cold resistant. (rC+)
You are vulnerable to heat. (rF-)


Message History

Something hits you but does no damage.
You hit something. Your peck misses something. Something hits you.
You miss something. Your kick misses something. Something hits you!
Something hits you but does no damage.
You barely miss something. Something hits you but does no damage.
Something hits you! Something hits you. Something hits you but does no damage.
A wight comes into view.
It is wielding a +2 short sword of freezing.
You hit the wight. Your peck misses the wight. You punch the wight.
The wight is lightly damaged.
Something hits you. x2; The wight barely misses you.
You hit the wight but do no damage. You claw the wight.
Your peck misses the wight.
The wight is moderately damaged.
Something hits you. x2; The wight closely misses you.
You hit the wight. You claw the wight! You peck the wight.
The wight is almost destroyed.
Something barely misses you. Something hits you.
* * * LOW HITPOINT WARNING * * *
The wight hits you with a +3 scimitar.
* * * LOW HITPOINT WARNING * * *
You feel drained.
Casting: Airstrike (safe; 1% risk of failure)
Confirm with . or Enter, or press ? or * to list all spells.
Aiming: Airstrike (safe; 1% risk of failure)
Press: ? - help, Dir - move target, f - wight
Aim: a wight, wielding a +3 scimitar and wearing a +0 robe (almost destroyed, empty space bonus: 5/8)
You feel a surge of power!
The air twists around and strikes the wight!
You destroy the wight!
Sif Muna accepts your kill. Something hits you.
* * * LOW HITPOINT WARNING * * *
Unknown command.
Okay, then.
Casting: Airstrike (safe; 1% risk of failure)
Confirm with . or Enter, or press ? or * to list all spells.
You feel a surge of power!
You feel quick. Something barely misses you. Something hits you!
You die...

##..##
##....#
###......
##........
###.....####
####....####
####....####
#####.....###
###...)@...##
.....z....##
.)......###
.......##
......#
....## ...#
..# .#


You could see a wight.

Vanquished Creatures
  Pikel (D:8)
  A hornet (D:7)
  Grinder (D:5)
  A shadow (D:7)
  A sky beast (D:8)
  3 orc warriors
  3 water moccasins
  An ice beast (D:8)
  5 black bears
  7 ogres
  2 centaurs
  A phantom (D:5)
  A lemure (D:8)
  4 kobold brigands
  3 bullfrogs
  6 scorpions
  6 wights (D:8)
  3 killer bees (D:7)
  4 howler monkeys (D:7)
  2 jellies
  4 orc priests
  6 gnoll boudas
  2 hounds (D:5)
  2 iguanas
  7 orc wizards
  5 adders
  16 gnolls
  4 shadow imps
  2 ufetubi
  3 worms
  2 dart slugs (D:1)
  19 orcs
  5 endoplasms
  8 goblins
  7 hobgoblins
  13 kobolds
  4 quokkas
  6 ball pythons
  4 bats
  2 rats
  2 rat zombies (D:4)
179 creatures vanquished.

Vanquished Creatures (others)
  26 fungi
  16 plants
42 creatures vanquished.

Grand Total: 221 creatures vanquished

Notes
Turn   | Place    | Note
-------+----------+-------------------------------------------
     0 | D:1      | BlueM00n the Tengu Air Elementalist began the quest for the
                  | Orb.
     0 | D:1      | Reached XP level 1. HP: 10/10 MP: 4/4
   278 | D:1      | Reached XP level 2. HP: 15/15 MP: 6/6
   403 | D:1      | Learned a level 2 spell: Static Discharge
   637 | D:1      | Identified a scroll of acquirement
   637 | D:1      | Acquired the ring "Zoklono" {Ice Contam Fly Int+6 Slay+3}
   838 | D:1      | Found a faded altar of an unknown god.
  1107 | D:2      | Reached XP level 3. HP: 19/19 MP: 7/7
  1199 | D:2      | Gained mutation: Your flesh is cold resistant. (rC+)
                  | [potion of mutation]
  1199 | D:2      | Gained mutation: You are vulnerable to heat. (rF-) [potion
                  | of mutation]
  1200 | D:2      | Reached skill level 5 in Spellcasting
  1200 | D:2      | Reached skill level 5 in Conjurations
  1200 | D:2      | Reached skill level 8 in Air Magic
  1200 | D:2      | Reached XP level 4. HP: 28/28 MP: 12/12
  1209 | D:2      | Reached skill level 5 in Staves
  1209 | D:2      | Reached skill level 10 in Air Magic
  1209 | D:2      | Gained mutation: Your magical nature lets you fly swiftly
                  | and evasively. [Tengu growth]
  1209 | D:2      | Reached XP level 5. HP: 32/32 MP: 15/15
  1572 | D:2      | Found a shimmering blue altar of Sif Muna.
  1595 | D:2      | Became a worshipper of Sif Muna the Loreminder
  1939 | D:3      | Learned a level 2 spell: Static Discharge
  1943 | D:3      | Learned a level 3 spell: Swiftness
  1948 | D:3      | Learned a level 4 spell: Airstrike
  1997 | D:3      | Found a broken altar of Ashenzari.
  2697 | D:4      | Noticed a black bear
  2702 | D:4      | Killed a black bear
  2703 | D:4      | Reached XP level 6. HP: 37/37 MP: 15/16
  3011 | D:4      | Noticed a black bear
  3014 | D:4      | Killed a black bear
  3015 | D:4      | Reached XP level 7. HP: 41/41 MP: 18/18
  3906 | D:5      | Entered Level 5 of the Dungeon
  3908 | D:5      | Noticed Grinder
  3909 | D:5      | Reached * piety under Sif Muna
  3916 | D:5      | Killed Grinder
  3917 | D:5      | Reached XP level 8. HP: 33/46 MP: 8/19
  3932 | D:5      | Reached skill level 11 in Air Magic
  4192 | D:5      | Identified the +6 scale mail of the Will of the Gods {rC+
                  | Stlth+}
  4337 | D:5      | Found a hide-covered altar of Uskayaw.
  4338 | D:5      | Found a bloodstained altar of Trog.
  5010 | D:5      | Found an opulent altar of Gozag.
  5122 | D:6      | Reached ** piety under Sif Muna
  5341 | D:6      | Reached XP level 9. HP: 51/51 MP: 21/21
  5646 | D:6      | Found a staircase to the Ecumenical Temple.
  7194 | D:7      | Noticed a hornet
  7215 | D:7      | Paralysed by a hornet for 1 turns
  7219 | D:7      | Killed a hornet
  7220 | D:7      | Reached skill level 12 in Air Magic
  7798 | D:7      | Found an ornate altar of the Wu Jian Council.
  8169 | D:7      | Reached XP level 10. HP: 50/56 MP: 20/23
  8350 | D:7      | Reached *** piety under Sif Muna
  9454 | D:8      | Found a basalt altar of Yredelemnul.
  9505 | D:8      | Reached skill level 13 in Air Magic
  9860 | D:8      | Noticed Pikel
  9863 | D:8      | Killed Pikel
  9965 | D:8      | Slain by an unseen horror

Illustrated notes

Levels and vault maps discovered:
D:1:      amcnicky_arrival_underground_garden, layout_loops_ring,
          shapermc_ecumenical_altar_hornbeckon, minmay_misc_feat_enclosed,
          minmay_misc_feat_alley
D:2:      layout_basic, basic_altar
D:3:      layout_basic, nicolae_ashenzari_skybound
D:4:      layout_gridville, enter_ossuary_4, kennysheep_generic_room_8
D:5:      layout_cave_pools, mainiacjoe_overflow_divided_tiny,
          mainiacjoe_overflow_cross_hatched, hangedman_abyss_or_decor_stabs,
          nrook_campfire, grunt_ministairs_13, uniq_grinder
D:6:      layout_gridville, minmay_temple_entry_statues_fountains
D:7:      kennysheep_seaside_town, layout_basic,
          mainiacjoe_overflow_tiny_flanked
D:8:      layout_cave_pods, amcnicky_altar_gilded,
          grunt_lair_entry_orc_guard_hut, uniq_pikel

Skill      XL: |  1  2  3  4  5  6  7  8  9 10 |
---------------+-------------------------------+-----
Fighting       | 3 |  3.5
Staves         | 3 5 |  5.2
Armour         | 3 4 |  4.1
Spellcasting   | 5 6 7 8 9 |  9.3
Conjurations   | 5 6 7 |  7.4
Air Magic      | 8 10 11 12 13 | 13.4
Polearms       | 3 |  3.1
Stealth        | 4 |  4.3
Dodging        | |  2.7

Action                     |  1- 3 |  4- 6 |  7- 9 | 10-12 || total
---------------------------+-------+-------+-------+-------++-------
  Melee: Staff             |     2 |       |    14 |    18 ||    34
         Kick              |     1 |       |     5 |     3 ||     9
         Peck              |     1 |       |     3 |     6 ||    10
         Punch             |       |       |       |     1 ||     1
   Cast: Shock             |    33 |    70 |   192 |    96 ||   391
         Airstrike         |       |     3 |    40 |    30 ||    73
         Swiftness         |       |     1 |     2 |     1 ||     4
    Use: Scroll            |     2 |     4 |     5 |       ||    11
         Potion            |     3 |     5 |     5 |     1 ||    14
 Armour: Robe              |     1 |       |     9 |    15 ||    25
         Leather armour    |     2 |     1 |    12 |       ||    15
  Dodge: Dodged            |    10 |     9 |    68 |    34 ||   121
